 Dungeon Crawl Stone Soup version 0.20.1-1-g8b1a95d (webtiles) character file.

40 Monsterracer the Firebug (level 3, -1/26 HPs)
             Began as a Draconian Fire Elementalist on July 12, 2017.
             Shot with an arrow by a centaur (12 damage)
             ... on level 5 of the Dungeon.
             The game lasted 00:04:31 (1307 turns).

Monsterracer the Firebug (DrFE)                     Turns: 1307, Time: 00:04:31

Health: -1/26      AC:  5    Str: 15    XL:     3   Next: 30%
Magic:  6/6        EV: 12    Int: 18    God:
Gold:   25         SH:  0    Dex: 11    Spells: 2/6 levels left

rFire    . . .     SeeInvis .   c - +0 short sword
rCold    . . .     Gourm    .   (no shield)
rNeg     . . .     Faith    .   (armour unavailable)
rPois    .         Spirit   .   (helmet restricted)
rElec    .         Reflect  .   (no cloak)
rCorr    .         Harm     .   (no gloves)
MR       .....                  (no boots)
Stlth    +.........             (no amulet)
Regen    0.1/turn               (no ring)
MPRegen  0.1/turn               (no ring)

@: confused, mighty, lethally poisoned (-1 -> -3), very slightly contaminated
A: unfitting armour, clever 1, deterioration 1, mutation resistance 1,
cold-blooded, AC +5
a: no special abilities


You were on level 5 of the Dungeon.
You were hungry.

You visited 1 branch of the dungeon, and saw 5 of its levels.

You collected 25 gold pieces.

Inventory:

Hand Weapons
 c - a +0 short sword (weapon)
Scrolls
 e - 2 scrolls of random uselessness
Books
 a - a book of Flames

   Spells                             Type                      Level
   a - Flame Tongue                   Conjuration/Fire             1
   b - Throw Flame                    Conjuration/Fire             2
   c - Conjure Flame                  Conjuration/Fire             3
   d - Inner Flame                    Hexes/Fire                   3
   e - Sticky Flame                   Conjuration/Fire             4
   f - Fireball                       Conjuration/Fire             5
Comestibles
 b - a bread ration
 d - a royal jelly


   Skills:
 - Level 1.7 Dodging
 - Level 1.7 Stealth
 + Level 2.2 Spellcasting
 * Level 2.0 Conjurations
 * Level 3.7 Fire Magic


You had 2 spell levels left.
You knew the following spells:

 Your Spells              Type           Power        Failure   Level  Hunger
a - Flame Tongue          Conj/Fire      ##...        5%          1    #......
b - Conjure Flame         Conj/Fire      ##......     16%         3    ###....


Dungeon Overview and Level Annotations

Branches:
Dungeon (5/15)
 Temple: D:4-7

Altars:

Annotations:
D:3 Sunburn's ghost, weakling HaAs
D:4 appiemonkey's ghost, amateur DDAr
D:5 Grinder


Innate Abilities, Weirdness & Mutations

Your plain brown scales are hard. (AC +5)
You cannot fit into any form of body armour.
You are cold-blooded and may be slowed by cold attacks.
Your mind is acute. (Int +2)
Your body sometimes deteriorates upon taking damage.
You are somewhat resistant to further mutation.


Message History

A centaur comes into view.
Found a stone staircase leading up.
It was a potion of might.
You feel very mighty all of a sudden.
* * * LOW HITPOINT WARNING * * *
You feel sick.
Huge Dmg: -4%(-1hp) hp: 12%(3hp) It was a potion of mutation.
You feel extremely strange.
You feel yourself wasting away.
You feel clever.
You feel genetically stable.
It was a potion of ambrosia.
You are confused.
You feel invigorated.
The centaur shouts!
The centaur wields a shortbow.
The centaur shoots an arrow.
The arrow barely misses you.
A hound comes into view.
You feel sick.
The hound barks!
The centaur shoots an arrow.
The arrow hits you!
You die...

###... .......ยง..#
..............5....#
.......................
.##.#...####............
........ ..............
##$#...####S..#.#.###.#
.......(..o.......# #
#..........#.#.#
#..@###....#
.................#
........?.........
.<................
..................
#.#.###c###h.###.. . ..
..# ..# .. .. ### .#


You could see a centaur, a hound, an adder and an orc.

Vanquished Creatures
  2 adders
  2 giant cockroaches (D:1)
  5 goblins (D:1)
  A hobgoblin (D:2)
  5 jackals (D:1)
  2 frilled lizards (D:1)
  3 kobolds
20 creatures vanquished.

Notes
Turn   | Place    | Note
-------+----------+-------------------------------------------
     0 | D:1      | Monsterracer the Draconian Fire Elementalist began the quest for the Orb.
     0 | D:1      | Reached XP level 1. HP: 14/14 MP: 3/3
   390 | D:1      | Reached XP level 2. HP: 13/20 MP: 1/5
  1010 | D:2      | Reached XP level 3. HP: 22/26 MP: 0/6
  1070 | D:2      | Learned a level 3 spell: Conjure Flame
  1286 | D:3      | Noticed Sunburn's ghost (weakling HaAs)
  1295 | D:4      | Noticed appiemonkey's ghost (amateur DDAr)
  1299 | D:5      | Entered Level 5 of the Dungeon
  1299 | D:5      | Noticed Grinder
  1303 | D:5      | Noticed a centaur
  1305 | D:5      | Gained mutation: Your body sometimes deteriorates upon taking damage. [potion of mutation]
  1305 | D:5      | Gained mutation: Your mind is acute. (Int +2) [potion of mutation]
  1305 | D:5      | Gained mutation: You are somewhat resistant to further mutation. [potion of mutation]
  1307 | D:5      | Shot with an arrow by a centaur

Skill      XL: |  1  2  3 |
---------------+----------+-----
Conjurations   | 2 |  2.0
Dodging        | |  1.7
Stealth        | |  1.7
Spellcasting   | |  2.2
Fire Magic     | |  3.7

Action                   || total
-------------------------++-------
Melee: Short sword       ||    82
       Unarmed           ||     7
       Tailslap          ||     3
 Cast: Flame Tongue      ||    23
       Conjure Flame     ||     1
  Use: Potion            ||     4
       Scroll            ||     4
 Stab: Sleeping          ||     1
  Eat: Chunk             ||     1
Armor: Skin              ||    42
Dodge: Dodged            ||   102
